| TOP OF THE 1ST |
|
Myrtle Beach Pelicans batting - Pitching for Jupiter Hammerheads : RHP Ian Pietersma
|
|
Pitching: RHP Ian Pietersma
|
|
|
Batting: RHB Bobby Valdez
|
0-0: Swinging Strike 0-1: Bunt for hit to 13 - play at first, batter OUT! 1-3
|
|
Batting: LHB Tony Santiago
|
0-0: Ball 1-0: DOUBLE (Line Drive, 78D, EV 104.4 MPH)
|
|
Batting: RHB Gregorio Morales
|
0-0: SINGLE (Line Drive, 6M, EV 95.0 MPH) Tony Santiago to third Runner from 3rd tries for Home, SAFE, throw by CF to home Gregorio Morales to second
|
|
Batting: LHB Eric McIver
|
0-0: Ball 1-0: TRIPLE (Flyball, 8RXD, EV 91.9 MPH) Gregorio Morales scores
|
|
Batting: RHB Roberto Rivera
|
0-0: Ball 1-0: Called Strike 1-1: Ball 2-1: SINGLE (Groundball, 6MD, EV 106.9 MPH) Eric McIver scores
|
|
Batting: LHB Dave Wheeler
|
0-0: Ball 1-0: Ball 2-0: Swinging Strike 2-1: Swinging Strike 2-2: Ball 3-2: Strikes out swinging
|
|
Batting: SHB Eddie Tetzlaff
|
0-0: Swinging Strike 0-1: Called Strike 0-2: Ball Pickoff Throw by Catcher to First - Out!
|
| Top of the 1st over - 3 runs, 4 hits, 0 errors, 0 left on base; Myrtle Beach 3 - Jupiter 0 |
| BOTTOM OF THE 1ST |
|
Jupiter Hammerheads batting - Pitching for Myrtle Beach Pelicans : RHP Dan Osika
|
|
Pitching: RHP Dan Osika
|
|
|
Now in RF: Ryan Cross
|
|
|
Batting: LHB Jake Fritz
|
0-0: Ball 1-0: Ground out 5-3 (Groundball, 5L, EV 100.0 MPH)
|
|
Batting: LHB Manny Barahona
|
0-0: Called Strike 0-1: Ball 1-1: Swinging Strike 1-2: Hit by Pitch
|
|
Batting: LHB Randy Racine
|
0-0: Ball 1-0: Fielders Choice at 2nd, 6-4 (Groundball, 56, EV 101.3 MPH)
|
|
Batting: LHB Juan Alba
|
0-0: Ball 1-0: Called Strike 1-1: Foul Ball, location: 2F 1-2: Fly out, F9 (Flyball, 9D, EV 106.9 MPH)
|
| Bottom of the 1st over - 0 runs, 0 hits, 0 errors, 1 left on base; Myrtle Beach 3 - Jupiter 0 |
| TOP OF THE 2ND |
|
Myrtle Beach Pelicans batting - Pitching for Jupiter Hammerheads : RHP Ian Pietersma
|
|
Batting: SHB Eddie Tetzlaff
|
0-0: Ball 1-0: SINGLE (Groundball, 6M, EV 103.8 MPH)
|
|
Batting: RHB Chad Howe
|
0-0: Ball 1-0: Ball 2-0: Foul Ball, location: 2F 2-1: Ball 3-1: Foul Ball, location: 2F 3-2: Base on Balls Eddie Tetzlaff to second
|
|
Batting: RHB Dan Osika
|
0-0: Bunt missed! 0-1: Bunt missed! 0-2: Sac Bunt to 25 - play at first, batter OUT! 5-4 Eddie Tetzlaff to third Chad Howe to second
|
|
Batting: RHB Bobby Valdez
|
0-0: SINGLE (Groundball, 6M, EV 100.6 MPH) (infield hit) Eddie Tetzlaff scores Chad Howe to third
|
|
Batting: LHB Ryan Cross
|
0-0: Ball 1-0: Ball 2-0: Called Strike 2-1: Foul Ball, location: 2F 2-2: 3-RUN HOME RUN (Flyball, 7LD, EV 109.4 MPH), Distance : 368 ft
|
|
Batting: RHB Gregorio Morales
|
0-0: Ball 1-0: Ball 2-0: Called Strike 2-1: Foul Ball, location: 2F 2-2: Ground out U3 (Groundball, 34, EV 106.9 MPH)
|
|
Batting: LHB Eric McIver
|
0-0: Called Strike 0-1: Ball 1-1: Swinging Strike 1-2: Strikes out swinging
|
| Top of the 2nd over - 4 runs, 3 hits, 0 errors, 0 left on base; Myrtle Beach 7 - Jupiter 0 |
| BOTTOM OF THE 2ND |
|
Jupiter Hammerheads batting - Pitching for Myrtle Beach Pelicans : RHP Dan Osika
|
|
Batting: RHB Tony Pedraza
|
0-0: Called Strike 0-1: Foul Ball, location: 2F 0-2: Ground out 5-3 (Groundball, 56, EV 104.4 MPH)
|
|
Batting: RHB Fytor Sousa
|
0-0: Called Strike 0-1: Ball 1-1: Ball 2-1: Foul Ball, location: 2F 2-2: Fly out, F7 (Line Drive, 7, EV 90.6 MPH)
|
|
Batting: LHB Jason McCants
|
0-0: Ground out 6-3 (Groundball, 6, EV 100.6 MPH)
|
| Bottom of the 2nd over - 0 runs, 0 hits, 0 errors, 0 left on base; Myrtle Beach 7 - Jupiter 0 |
| TOP OF THE 3RD |
|
Myrtle Beach Pelicans batting - Pitching for Jupiter Hammerheads : RHP Ian Pietersma
|
|
Batting: RHB Roberto Rivera
|
0-0: Ball 1-0: Foul Ball, location: 2F 1-1: Ball 2-1: Ball 3-1: Base on Balls
|
|
Batting: LHB Dave Wheeler
|
0-0: Ball 1-0: Ball 2-0: Ball 3-0: Called Strike 3-1: Foul Ball, location: 2F 3-2: Foul Ball, location: 2F 3-2: Foul Ball, location: 2F 3-2: Strikes out swinging
|
|
Batting: SHB Eddie Tetzlaff
|
0-0: Reached on error, E6 (Groundball, 6, EV 89.4 MPH) Roberto Rivera to second
|
|
Batting: RHB Chad Howe
|
0-0: Ball 1-0: Called Strike 1-1: Ball 2-1: Ball 3-1: Called Strike 3-2: Foul Ball, location: 2F 3-2: Foul Ball, location: 2F 3-2: Base on Balls Roberto Rivera to third Eddie Tetzlaff to second
|
|
Batting: RHB Dan Osika
|
0-0: Grounds into double play, 5-4-3 (Groundball, 56, EV 87.5 MPH)
|
| Top of the 3rd over - 0 runs, 0 hits, 1 error, 2 left on base; Myrtle Beach 7 - Jupiter 0 |
| BOTTOM OF THE 3RD |
|
Jupiter Hammerheads batting - Pitching for Myrtle Beach Pelicans : RHP Dan Osika
|
|
Batting: RHB Pjotr Zwijnenburg
|
0-0: Ball 1-0: Called Strike 1-1: Foul Ball, location: 2F 1-2: Strikes out swinging
|
|
Batting: RHB Ian Pietersma
|
0-0: Ball 1-0: Called Strike 1-1: SINGLE (Line Drive, 9LM, EV 87.5 MPH)
|
|
Batting: LHB Jake Fritz
|
0-0: Ball 1-0: Called Strike 1-1: Ground out U3 (Groundball, 34S, EV 65.0 MPH) Ian Pietersma to second
|
|
Batting: LHB Manny Barahona
|
0-0: Called Strike 0-1: Foul Ball, location: 2F 0-2: Ball 1-2: Foul Ball, location: 2F 1-2: Foul Ball, location: 2F 1-2: Strikes out swinging
|
| Bottom of the 3rd over - 0 runs, 1 hit, 0 errors, 1 left on base; Myrtle Beach 7 - Jupiter 0 |
| TOP OF THE 4TH |
|
Myrtle Beach Pelicans batting - Pitching for Jupiter Hammerheads : RHP Ian Pietersma
|
|
Batting: RHB Bobby Valdez
|
0-0: Fly out, F5 (Popup, 56, EV 63.1 MPH)
|
|
Batting: LHB Ryan Cross
|
0-0: Ball 1-0: Ground out 4-3 (Groundball, 4, EV 100.6 MPH)
|
|
Batting: RHB Gregorio Morales
|
0-0: Fly out, F8 (Flyball, 8RD, EV 107.5 MPH)
|
| Top of the 4th over - 0 runs, 0 hits, 0 errors, 0 left on base; Myrtle Beach 7 - Jupiter 0 |
| BOTTOM OF THE 4TH |
|
Jupiter Hammerheads batting - Pitching for Myrtle Beach Pelicans : RHP Dan Osika
|
|
Batting: LHB Randy Racine
|
0-0: Called Strike 0-1: Called Strike 0-2: Ball 1-2: Ground out 4-3 (Groundball, 4MD, EV 85.0 MPH)
|
|
Batting: LHB Juan Alba
|
0-0: Ball 1-0: Ball 2-0: Ball 3-0: Called Strike 3-1: SINGLE (Flyball, 78S, EV 93.8 MPH)
|
|
Batting: RHB Tony Pedraza
|
0-0: Called Strike 0-1: Foul Ball, location: 2F 0-2: Fly out, F8 (Flyball, 8LD, EV 101.3 MPH)
|
|
Batting: RHB Fytor Sousa
|
0-0: Ball 1-0: Foul Ball, location: 2F 1-1: Fly out, F5 (Flyball, 5D, EV 76.9 MPH)
|
| Bottom of the 4th over - 0 runs, 1 hit, 0 errors, 1 left on base; Myrtle Beach 7 - Jupiter 0 |
| TOP OF THE 5TH |
|
Myrtle Beach Pelicans batting - Pitching for Jupiter Hammerheads : RHP Ian Pietersma
|
|
Batting: LHB Eric McIver
|
0-0: Ball 1-0: Ball 2-0: SINGLE (Line Drive, 3D, EV 96.9 MPH)
|
|
Batting: RHB Roberto Rivera
|
0-0: Called Strike 0-1: Called Strike 0-2: Fielders Choice at 2nd, 1-4 (Groundball, P, EV 68.8 MPH)
|
|
Batting: LHB Dave Wheeler
|
0-0: Called Strike 0-1: Swinging Strike 0-2: Foul Ball, location: 2F 0-2: Ball 1-2: Ball 2-2: Grounds into double play, 6-4-3 (Groundball, 6, EV 103.1 MPH)
|
| Top of the 5th over - 0 runs, 1 hit, 0 errors, 0 left on base; Myrtle Beach 7 - Jupiter 0 |
| BOTTOM OF THE 5TH |
|
Jupiter Hammerheads batting - Pitching for Myrtle Beach Pelicans : RHP Dan Osika
|
|
Batting: LHB Jason McCants
|
0-0: Swinging Strike 0-1: Ball 1-1: Foul Ball, location: 2F 1-2: Fly out, F8 (Flyball, 8RS, EV 81.3 MPH)
|
|
Batting: RHB Pjotr Zwijnenburg
|
0-0: Called Strike 0-1: Swinging Strike 0-2: Ball 1-2: Ball 2-2: Foul Ball, location: 2F 2-2: Fly out, F9 (Line Drive, 9, EV 93.1 MPH)
|
|
Batting: RHB Ian Pietersma
|
0-0: Ball 1-0: Ball 2-0: Called Strike 2-1: Ball 3-1: Fly out, F5 (Line Drive, 5, EV 68.8 MPH)
|
| Bottom of the 5th over - 0 runs, 0 hits, 0 errors, 0 left on base; Myrtle Beach 7 - Jupiter 0 |
| TOP OF THE 6TH |
|
Myrtle Beach Pelicans batting - Pitching for Jupiter Hammerheads : RHP Ian Pietersma
|
|
Batting: SHB Eddie Tetzlaff
|
0-0: Ball 1-0: Reached on error, E5 (Groundball, 56S, EV 82.5 MPH)
|
|
Batting: RHB Chad Howe
|
0-0: Ball 1-0: Called Strike 1-1: Ball 2-1: Foul Ball, location: 2F 2-2: Fielders Choice at 2nd, U6 (Groundball, 4M, EV 83.8 MPH)
|
|
Batting: RHB Dan Osika
|
0-0: Bunted foul 0-1: Bunted foul 0-2: Sac Bunt to 15S - play at first, batter OUT! 1-4 Chad Howe to second
|
|
Batting: RHB Bobby Valdez
|
0-0: Ball 1-0: Called Strike 1-1: Ball 2-1: Swinging Strike 2-2: Foul Ball, location: 2F 2-2: Foul Ball, location: 2F 2-2: Strikes out swinging
|
| Top of the 6th over - 0 runs, 0 hits, 1 error, 1 left on base; Myrtle Beach 7 - Jupiter 0 |
| BOTTOM OF THE 6TH |
|
Jupiter Hammerheads batting - Pitching for Myrtle Beach Pelicans : RHP Dan Osika
|
|
Batting: LHB Jake Fritz
|
0-0: Fly out, F7 (Flyball, 78M, EV 89.4 MPH)
|
|
Batting: LHB Manny Barahona
|
0-0: Ground out 4-3 (Groundball, 4S, EV 65.0 MPH)
|
|
Batting: LHB Randy Racine
|
0-0: Ball 1-0: SINGLE (Groundball, 56D, EV 106.3 MPH)
|
|
Batting: LHB Juan Alba
|
0-0: Called Strike 0-1: Fly out, F9 (Flyball, 9S, EV 90.6 MPH)
|
| Bottom of the 6th over - 0 runs, 1 hit, 0 errors, 1 left on base; Myrtle Beach 7 - Jupiter 0 |
| TOP OF THE 7TH |
|
Myrtle Beach Pelicans batting - Pitching for Jupiter Hammerheads : RHP Ian Pietersma
|
|
Batting: LHB Ryan Cross
|
0-0: Ball 1-0: Ball 2-0: Foul Ball, location: 2F 2-1: Ground out 5-3 (Groundball, 56, EV 83.1 MPH)
|
|
Pitching: RHP Philip Veenstra
|
|
|
Batting: RHB Gregorio Morales
|
0-0: Ball 1-0: Fly out, F7 (Flyball, 78M, EV 86.9 MPH)
|
|
Batting: LHB Eric McIver
|
0-0: Swinging Strike 0-1: SINGLE (Groundball, 4M, EV 100.6 MPH)
|
|
Batting: RHB Roberto Rivera
|
0-0: Ball Eric McIver steals 2nd base 1-0: Called Strike 1-1: Ball 2-1: Ball 3-1: SINGLE (Groundball, 6D, EV 111.3 MPH) Eric McIver to third Runner from 3rd tries for Home, SAFE, throw by CF to home
|
|
Batting: LHB Dave Wheeler
|
0-0: Reached on error, E6 (Groundball, 6, EV 81.3 MPH) Roberto Rivera to second
|
|
Batting: SHB Eddie Tetzlaff
|
0-0: Ball 1-0: Ball 2-0: Called Strike 2-1: SINGLE (Line Drive, 7S, EV 105.6 MPH) Roberto Rivera to third Dave Wheeler to second Runner from 3rd tries for Home, SAFE, throw by LF to home
|
|
Batting: RHB Chad Howe
|
0-0: Ground out 4-3 (Groundball, 34, EV 81.3 MPH)
|
| Top of the 7th over - 2 runs, 3 hits, 1 error, 2 left on base; Myrtle Beach 9 - Jupiter 0 |
| BOTTOM OF THE 7TH |
|
Jupiter Hammerheads batting - Pitching for Myrtle Beach Pelicans : RHP Dan Osika
|
|
Batting: RHB Tony Pedraza
|
0-0: Foul Ball, location: 2F 0-1: Ball 1-1: Ball 2-1: Swinging Strike 2-2: Ball 3-2: Base on Balls
|
|
Batting: RHB Fytor Sousa
|
0-0: Ball 1-0: Foul Ball, location: 2F 1-1: DOUBLE (Flyball, 8RXD, EV 101.9 MPH) Tony Pedraza to third
|
|
Batting: LHB Jason McCants
|
0-0: Foul Ball, location: 2F 0-1: Ball 1-1: Ball 2-1: Foul Ball, location: 2F 2-2: Foul Ball, location: 2F 2-2: Foul Ball, location: 2F 2-2: Strikes out swinging
|
|
Batting: RHB Pjotr Zwijnenburg
|
0-0: Called Strike 0-1: Called Strike 0-2: Ball 1-2: Strikes out swinging
|
|
Batting: RHB Philip Veenstra
|
0-0: Ball 1-0: Ball 2-0: Ground out 4-3 (Groundball, 4, EV 103.8 MPH)
|
| Bottom of the 7th over - 0 runs, 1 hit, 0 errors, 2 left on base; Myrtle Beach 9 - Jupiter 0 |
| TOP OF THE 8TH |
|
Myrtle Beach Pelicans batting - Pitching for Jupiter Hammerheads : RHP Philip Veenstra
|
|
Batting: RHB Dan Osika
|
0-0: Ball 1-0: Ball 2-0: SINGLE (Line Drive, 56, EV 103.8 MPH)
|
|
Pitching: RHP Jason Cardenas
|
|
|
Batting: RHB Bobby Valdez
|
0-0: Ball 1-0: Foul Ball, location: 2F 1-1: Swinging Strike 1-2: Ball 2-2: Foul Ball, location: 2F 2-2: Ball Wild Pitch! Dan Osika to second 3-2: Strikes out swinging
|
|
Batting: LHB Ryan Cross
|
0-0: DOUBLE (Flyball, 8LXD, EV 103.8 MPH) Dan Osika scores
|
|
Batting: RHB Gregorio Morales
|
0-0: Called Strike 0-1: Foul Ball, location: 2F 0-2: Ball 1-2: Foul Ball, location: 2F 1-2: Foul Ball, location: 2F 1-2: Ball 2-2: Foul Ball, location: 2F 2-2: Foul Ball, location: 2F 2-2: Ground out U3 (Groundball, 3, EV 90.6 MPH) Ryan Cross to third
|
|
Batting: LHB Eric McIver
|
0-0: Fly out, F8 (Flyball, 8LD, EV 85.0 MPH)
|
| Top of the 8th over - 1 run, 2 hits, 0 errors, 1 left on base; Myrtle Beach 10 - Jupiter 0 |
| BOTTOM OF THE 8TH |
|
Jupiter Hammerheads batting - Pitching for Myrtle Beach Pelicans : RHP Dan Osika
|
|
Batting: LHB Jake Fritz
|
0-0: Called Strike 0-1: Called Strike 0-2: Fly out, F8 (Flyball, 8RXD, EV 93.8 MPH)
|
|
Batting: LHB Manny Barahona
|
0-0: Foul Ball, location: 2F 0-1: Foul Ball, location: 2F 0-2: Ball 1-2: Strikes out swinging
|
|
Batting: LHB Randy Racine
|
0-0: Foul Ball, location: 2F 0-1: Called Strike 0-2: Foul Ball, location: 2F 0-2: Ball 1-2: Strikes out swinging
|
| Bottom of the 8th over - 0 runs, 0 hits, 0 errors, 0 left on base; Myrtle Beach 10 - Jupiter 0 |
| TOP OF THE 9TH |
|
Myrtle Beach Pelicans batting - Pitching for Jupiter Hammerheads : RHP Jason Cardenas
|
|
Pitching: LHP Nick Rousseau
|
|
|
Batting: RHB Roberto Rivera
|
0-0: DOUBLE (Line Drive, 7LM, EV 100.6 MPH)
|
|
Batting: LHB Dave Wheeler
|
0-0: Called Strike 0-1: Fly out, F6 (Popup, 6, EV 62.5 MPH)
|
|
Batting: SHB Eddie Tetzlaff
|
0-0: Swinging Strike 0-1: Fly out, F8 (Flyball, 78M, EV 87.5 MPH)
|
|
Batting: RHB Chad Howe
|
0-0: Called Strike 0-1: Swinging Strike 0-2: Ball 1-2: Foul Ball, location: 2F 1-2: Strikes out looking
|
| Top of the 9th over - 0 runs, 1 hit, 0 errors, 1 left on base; Myrtle Beach 10 - Jupiter 0 |
| BOTTOM OF THE 9TH |
|
Jupiter Hammerheads batting - Pitching for Myrtle Beach Pelicans : RHP Dan Osika
|
|
Pitching: RHP Edgar Valdez
|
|
|
Batting: LHB Juan Alba
|
0-0: Ball 1-0: Ball 2-0: Called Strike 2-1: Foul Ball, location: 2F 2-2: Foul Ball, location: 2F 2-2: Fly out, F9 (Line Drive, 9, EV 93.1 MPH)
|
|
Batting: RHB Tony Pedraza
|
0-0: Foul Ball, location: 2F 0-1: Foul Ball, location: 2F 0-2: Ball 1-2: Ball 2-2: Ball 3-2: Base on Balls
|
|
Batting: RHB Fytor Sousa
|
0-0: Ball 1-0: Called Strike 1-1: Called Strike 1-2: Foul Ball, location: 2F 1-2: Ball 2-2: Foul Ball, location: 2F 2-2: Ball 3-2: Foul Ball, location: 2F 3-2: Strikes out swinging
|
|
Batting: LHB Jason McCants
|
0-0: Called Strike 0-1: Called Strike 0-2: Ball 1-2: Ball 2-2: Foul Ball, location: 2F 2-2: Fly out, F8 (Flyball, 8LD, EV 98.1 MPH)
|
| Bottom of the 9th over - 0 runs, 0 hits, 0 errors, 1 left on base; Myrtle Beach 10 - Jupiter 0 |
|